 Dungeon Crawl Stone Soup version 0.30-a0-6-g7c9e10e132 (webtiles) character file.

Game seed: 12652333491849838082

1783 Flugkiller the Cleaver (level 8, -4/74 HPs)
             Began as a Minotaur Fighter on Aug 22, 2022.
             Slain by a killer bee (6 damage)
             ... on level 6 of the Dungeon.
             The game lasted 00:02:08 (5249 turns).

Flugkiller the Cleaver (Minotaur Fighter)           Turns: 5249, Time: 00:02:09

Health: -4/74      AC:  8    Str: 22    XL:     8   Next: 81%
Magic:  7/7        EV: 13    Int:  5    God:
Gold:   272        SH:  9    Dex: 11    Spells: 7/7 levels left

rFire   . . .      SeeInvis .    u - +2 war axe (holy)
rCold   . . .      Faith    .    c - +0 buckler
rNeg    . . .      Spirit   .    b - +0 scale mail
rPois   .          Reflect  +    (helmet restricted)
rElec   .          Harm     .    (no cloak)
rCorr   .          Rampage  .    (no gloves)
Will    .....                    (no boots)
Stlth   ..........               j - amulet of reflection
HPRegen 0.22/turn                v - +4 ring of evasion
MPRegen 0.10/turn                (no ring)

@: mighty
A: horns 2, retaliatory headbutt
a: no special abilities


You were on level 6 of the Dungeon.
You visited 1 branch of the dungeon, and saw 6 of its levels.

You collected 272 gold pieces.

Inventory:

Hand Weapons
 a - a +0 war axe
 u - a +2 war axe of holy wrath (weapon)
   (You found it on level 3 of the Dungeon)
Missiles
 p - 6 javelins (quivered)
Armour
 b - a +0 scale mail (worn)
 c - a +0 buckler (worn)
Jewellery
 j - an amulet of reflection (around neck)
   (You found it on level 1 of the Dungeon)
 v - a +4 ring of evasion (left hand)
   (You found it on level 3 of the Dungeon)
 F - an amulet of the acrobat
   (You found it on level 4 of the Dungeon)
Wands
 I - a wand of roots (8)
   (You found it on level 6 of the Dungeon)
Scrolls
 e - a scroll of noise {unknown}
 f - 6 scrolls of identify {unknown}
 g - 3 scrolls of immolation {unknown}
 h - a scroll of poison {unknown}
 i - 2 scrolls of fear {unknown}
 k - a scroll of teleportation {unknown}
 s - 2 scrolls of magic mapping {unknown}
 x - a scroll of torment {unknown}
 y - a scroll of vulnerability {unknown}
 C - 2 scrolls of blinking {unknown}
 E - a scroll of enchant armour {unknown}
 H - a scroll of fog {unknown}
Potions
 l - a potion of magic {unknown}
 m - a potion of invisibility {unknown}
 n - 2 potions of mutation {unknown}
 o - 2 potions of flight {unknown}
 q - a potion of heal wounds {unknown}
 r - a potion of haste {unknown}
 t - a potion of experience {unknown}
 w - 2 potions of cancellation {unknown}
 z - a potion of attraction {unknown}
 A - 2 potions of degeneration {unknown}
 B - 2 potions of ambrosia {unknown}
 D - a potion of resistance {unknown}
 G - a potion of brilliance {unknown}
 J - a potion of curing {unknown}


   Skills:
 + Level 7.7 Fighting
 * Level 10.0 Axes
 + Level 7.7 Armour
 - Level 3.6 Shields


You had 7 spell levels left.
You didn't know any spells.
Your spell library was empty.

Dungeon Overview and Level Annotations

Branches:
Dungeon (6/15)
 Temple: D:4-7

Altars:
Makhleb
Ru

Annotations:
D:5 1 transporter, sausages's ghost, novice MiFi


Innate Abilities, Weirdness & Mutations

You have a pair of horns on your head.
You reflexively headbutt those who attack you in melee.


Message History

You hear an angry buzzing noise. x3
A killer bee comes into view.
The killer bee buzzes angrily.
The centaur shoots an arrow.
The arrow hits you. The arrow burns you.
The centaur shoots an arrow.
The arrow closely misses you.
You hear an angry buzzing noise. x2 3 killer bees come into view.
The killer bee buzzes angrily. x3
You block the killer bee's attack.
The centaur shoots an arrow.
The arrow hits you. The arrow burns you.
A killer bee comes into view.
You block the killer bee's attack.
You slash the killer bee!
The killer bee is heavily wounded.
The killer bee stings you but does no damage.
The centaur shoots an arrow.
The arrow hits you! The arrow burns you. You block the killer bee's attack.
The killer bee stings you but does no damage.
The centaur shoots an arrow.
The arrow hits you. The arrow burns you.
You closely miss the killer bee.
The killer bee is heavily wounded.
You hit the killer bee.
The killer bee stings you but does no damage.
The centaur shoots an arrow.
You reflect the arrow off an invisible shield around you!
The arrow hits the centaur.
The arrow burns the centaur.
The killer bee misses you. You furiously retaliate!
You headbutt the killer bee!
You kill the killer bee!
You block the killer bee's attack.
The centaur shoots an arrow.
The arrow hits you. The arrow burns you. The killer bee barely misses you.
You furiously retaliate!
You headbutt the killer bee! The killer bee barely misses you.
The killer bee stings you!
You are poisoned.
The killer bee poisons you!
You are too injured to fight recklessly!
You are too injured to fight recklessly!
You are too injured to fight recklessly!
You are too injured to fight recklessly!
You are too injured to fight recklessly!
You are too injured to fight recklessly!
There are monsters nearby!
There are monsters nearby!
You are too injured to fight recklessly!
You feel very mighty all of a sudden.
You feel sick. The killer bee closely misses you. You furiously retaliate!
You headbutt the killer bee. The killer bee closely misses you.
You block the killer bee's attack.
The centaur shoots an arrow.
The arrow hits you!
* * * LOW HITPOINT WARNING * * *
The arrow burns you.
* * * LOW HITPOINT WARNING * * *
The killer bee stings you.
* * * LOW HITPOINT WARNING * * *
The killer bee misses you. You furiously retaliate!
You headbutt the killer bee! You block the killer bee's attack.
You are too injured to fight recklessly!
You barely miss the killer bee. You miss the killer bee.
You barely miss the killer bee. You hit the killer bee.
You kill the killer bee!
You feel sick. You block the killer bee's attack.
The killer bee closely misses you.
The centaur shoots an arrow.
You reflect the arrow off an invisible shield around you!
The arrow misses the killer bee.
The arrow hits the centaur.
The arrow burns the centaur.
The killer bee barely misses you. You furiously retaliate!
You headbutt the killer bee!
You kill the killer bee!
The centaur shoots an arrow.
The arrow barely misses you. The killer bee misses you.
The killer bee stings you but does no damage. x2
You closely miss the killer bee. x2; You barely miss the killer bee.
You feel sick. You block the killer bee's attack. x2
The killer bee misses you.
The centaur shoots an arrow.
The arrow closely misses you. The killer bee misses you.
You block the killer bee's attack. The killer bee stings you.
* * * LOW HITPOINT WARNING * * *
Unknown command.
You closely miss the killer bee. You slash the killer bee! x2
You kill the killer bee!
You feel sick.
The centaur shoots an arrow.
You reflect the arrow off an invisible shield around you!
The arrow hits the centaur.
The arrow burns the centaur.
You kill the centaur!
The killer bee stings you.
* * * LOW HITPOINT WARNING * * *
You block the killer bee's attack.
The killer bee stings you but does no damage.
The killer bee misses you.
You slash the killer bee!
You kill the killer bee!
You miss the killer bee.
You feel sick. You block the killer bee's attack.
The killer bee completely misses you. You furiously retaliate!
You headbutt the killer bee.
Your Axes skill increases to level 10!
You completely miss the killer bee.
The killer bee is almost dead.
You feel sick.
You are no longer poisoned.
You block the killer bee's attack. The killer bee stings you.
You die...

#..........#
#..........# #$.........
##........##.......
#..........#......
#.)!.......#..[...
##....††y...#.....
#......@....#....
#..............######.#
#..#........##..#......#
##......##.....######
#####.(...#.### #
........####..#### #.
......#.#####....# ..
##....#.....####.####
.##
#....#####.........#.


You could see a killer bee.

Vanquished Creatures
  Menkaure (D:5)
  2 black bears
  An ogre (D:5)
  A centaur (D:6)
  A bullfrog (D:6)
  3 necrophages (D:5)
  2 scorpions
  5 killer bees (D:6)
  2 orc priests (D:4)
  Terence (D:3)
  8 hounds
  4 orc wizards (D:4)
  3 iguanas
  4 gnolls (D:5)
  7 adders
  A white imp (D:5)
  3 worms
  A dart slug (D:1)
  21 orcs
  9 endoplasms
  3 giant cockroaches
  11 goblins
  3 hobgoblins
  8 jackals
  8 kobolds
  3 quokkas
  9 ball pythons
  3 bats
  2 frilled lizards (D:1)
  6 rats
136 creatures vanquished.

Vanquished Creatures (others)
  A fungus (D:1)
  3 plants (D:1)
4 creatures vanquished.

Grand Total: 140 creatures vanquished

Notes
Turn   | Place    | Note
-------+----------+-------------------------------------------
     0 | D:1      | Flugkiller the Minotaur Fighter began the quest for the
                  | Orb.
     0 | D:1      | Reached XP level 1. HP: 19/19 MP: 0/0
   196 | D:1      | Reached skill level 3 in Axes
   196 | D:1      | Reached XP level 2. HP: 27/27 MP: 1/1
   634 | D:1      | Found a faded altar of an unknown god.
   640 | D:1      | Reached XP level 3. HP: 33/33 MP: 2/2
  1471 | D:2      | Reached skill level 4 in Axes
  1618 | D:2      | Reached XP level 4. HP: 41/41 MP: 3/3
  2137 | D:3      | Noticed Terence
  2154 | D:3      | Killed Terence
  2300 | D:3      | Reached XP level 5. HP: 41/47 MP: 4/4
  2303 | D:3      | Reached skill level 5 in Axes
  2678 | D:4      | Found a burning altar of Makhleb.
  2687 | D:4      | Reached skill level 5 in Fighting
  2688 | D:4      | Reached skill level 5 in Armour
  2694 | D:4      | Reached XP level 6. HP: 42/56 MP: 5/5
  2959 | D:4      | Reached skill level 6 in Axes
  3656 | D:4      | Reached XP level 7. HP: 51/62 MP: 6/6
  3732 | D:4      | Reached skill level 7 in Axes
  3924 | D:5      | Entered Level 5 of the Dungeon
  4513 | D:5      | Reached skill level 8 in Axes
  4590 | D:5      | Reached XP level 8. HP: 71/71 MP: 7/7
  4615 | D:5      | Noticed Menkaure
  4623 | D:5      | Killed Menkaure
  4852 | D:5      | Found a transporter.
  4853 | D:5      | Noticed sausages's ghost (novice MiFi)
  5070 | D:6      | Reached skill level 9 in Axes
  5141 | D:6      | Found a sacrificial altar of Ru.
  5247 | D:6      | HP: 3/73 [killer bee (6)]
  5249 | D:6      | Reached skill level 10 in Axes
  5249 | D:6      | Slain by a killer bee

Illustrated notes

Levels and vault maps discovered:
D:1:      minmay_arrival_hallway, layout_basic,
          shapermc_ecumenical_altar_mp_ritualfount
D:2:      layout_loops_cross, serial_rivers, chequers_serial_rivers_large_a,
          chequers_serial_rivers_micro_c, chequers_serial_rivers_room_b,
          chequers_serial_rivers_micro_a, chequers_serial_rivers_small_a
D:3:      minmay_chambers_of_twos, layout_rooms, minmay_stone_trees_small,
          uniq_terence
D:4:      layout_basic, bloody_makhleb, minivault_1
D:5:      layout_basic, gammafunk_ghost_smash, grunt_ministairs_6, uniq_menkaure
D:6:      layout_rooms, hangedman_ru_absence, nemelex_altar_shiori

Skill      XL: |  1  2  3  4  5  6  7  8 |
---------------+-------------------------+-----
Axes           | 3 4 5 6 8 10 | 10.0
Armour         | 4 5 6 7 |  7.7
Fighting       | 4 5 6 7 |  7.7
Shields        | |  3.6

Action                   |  1- 3 |  4- 6 |  7- 9 || total
-------------------------+-------+-------+-------++-------
Melee: War axe           |   102 |   137 |    83 ||   322
       Headbutt          |    10 |    13 |    13 ||    36
  Use: Potion            |       |       |     1 ||     1
Armor: Scale mail        |    47 |    61 |    27 ||   135
Dodge: Dodged            |    34 |    64 |    49 ||   147
Block: Buckler           |    28 |    75 |    46 ||   149
       Reflection        |       |     1 |     4 ||     5

Table legend: (Time is in decaauts)
 A = Elapsed time spent in this place.
 B = Non-inter-level travel time spent in this place.
 C = Inter-level travel time spent in this place.
 D = Time resting spent in this place.
 E = Time spent auto-exploring this place.
 F = Levels seen in this place.
 G = Mean time per level.
                   A        B        C        D        E       F      G
               +--------+--------+--------+--------+--------+-----+--------+
         Total |   5359 |   5129 |    230 |    187 |   4135 |   6 |  893.2 |
       Dungeon |   5359 |   5129 |    230 |    187 |   4135 |   6 |  893.2 |
               +--------+--------+--------+--------+--------+-----+--------+

Top non-repeatable levels by time:
     D:4: 1301 daAuts
     D:5: 1130 daAuts
     D:1: 921 daAuts
     D:3: 900 daAuts
     D:2: 900 daAuts
     D:6: 205 daAuts
